 Dungeon Crawl Stone Soup version 0.19-a0-1891-ge1d1fe8 (webtiles) character file.

193 Naow the Chopper (level 6, -1/47 HPs)
             Began as a Formicid Fighter on Oct 18, 2016.
             Slain by Menkaure (22 damage)
             ... on level 5 of the Dungeon.
             The game lasted 00:03:34 (1808 turns).

Naow the Chopper (Formicid Fighter)                 Turns: 1808, Time: 00:03:35

Health: -1/47      AC:  6    Str: 22    XL:     6   Next: 3%
Magic:  6/6        EV:  8    Int:  8    God:
Gold:   109        SH:  9    Dex: 10    Spells: 0 memorised, 5 levels left

rFire  . . .     SeeInvis +     a - +0 war axe
rCold  . . .     Gourm    .     b - +0 scale mail
rNeg   . . .     Faith    .     c - +0 shield
rPois  .         Spirit   .     (helmet unavailable)
rElec  .         Reflect  .     (no cloak)
rCorr  .         Harm     .     (no gloves)
MR     .....                    (no boots)
Stlth  ..........               (no amulet)
                                (no ring)
                                (no ring)

@: no status effects
A: permanent stasis, dig shafts and tunnels, four strong arms, antennae 3
a: Dig, Shaft Self


You were on level 5 of the Dungeon.
You were not hungry.

You visited 1 branch of the dungeon, and saw 4 of its levels.

You collected 109 gold pieces.

Inventory:

Hand Weapons
 a - a +0 war axe (weapon)
Armour
 b - a +0 scale mail (worn)
 c - a +0 shield (worn)
Scrolls
 e - a scroll of recharging {unknown}
 g - a scroll of remove curse {unknown}
 i - a scroll of random uselessness {unknown}
 k - a scroll of amnesia {unknown}
 q - a scroll of identify {unknown}
 s - a scroll of teleportation {unknown}
 u - a scroll of magic mapping {unknown}
 w - a scroll of enchant armour {unknown}
 x - a scroll of blinking {unknown}
Potions
 d - 4 potions of might
 j - a potion of heal wounds {unknown}
 l - 2 potions of lignification {unknown}
 m - a potion of brilliance {unknown}
 n - a potion of magic {unknown}
 o - a potion of mutation {unknown}
 t - a potion of invisibility {unknown}
 v - a potion of haste
 z - a potion of flight {unknown}
Comestibles
 f - 3 bread rations
 h - 2 beef jerkies
 p - 2 meat rations
 r - a chunk of flesh


   Skills:
 - Level 3.2 Fighting
 + Level 5.7 Axes
 - Level 3.2 Armour
 - Level 3.6 Shields


You had 5 spell levels left.
You didn't know any spells.

Dungeon Overview and Level Annotations

Branches:
Dungeon (3/15)

Altars:
Cheibriados

Annotations:
D:3 Grinder, Sigmund
D:5 Menkaure


Innate Abilities, Weirdness & Mutations

You are under a permanent stasis effect.
You can dig through walls and to a lower floor.
Your four strong arms can wield two-handed weapons with a shield.
You have a pair of large antennae on your head. (SInv)


Message History

No target in view!
No target in view!
No target in view!
Found a ring mail.
You see here 19 sling bullets.
You now have 109 gold pieces (gained 18).
Menkaure, Prince of Dust comes into view.
Menkaure shouts!
Found a scroll labeled HUCROESERPH.
Menkaure casts a spell.
Menkaure seems to speed up.
Menkaure calls on the powers of darkness!
Your body is wracked with pain!
You hit Menkaure.
Menkaure is moderately damaged.
Menkaure hits you. You block Menkaure's attack.
You slash Menkaure!
Menkaure is almost destroyed.
Menkaure hits you!!
You die...

....................[....
........###..............
........# #.......!......
.#......###...(...##.....
.#................# ###
.#..(.............#
.#................#
.....#####.#(###M.#
.##..# #...###@#########
..>..# #...##...........
...# .... #...........
...# #......#....
#....### ..# ....... #
?......## ##.......
........


You could see Menkaure.

Vanquished Creatures
  A hound (D:5)
  A bullfrog skeleton (D:5)
  A worker ant (D:5)
  A hound zombie (D:5)
  4 adders
  2 oozes (D:1)
  An adder zombie (D:5)
  2 worms (D:2)
  An orc (D:3)
  6 bats
  2 giant cockroaches (D:2)
  8 goblins
  3 hobgoblins
  6 kobolds
  A ball python (D:1)
  4 frilled lizards
  5 rats
49 creatures vanquished.

Notes
Turn   | Place    | Note
-------+----------+-------------------------------------------
     0 | D:1      | Naow the Formicid Fighter began the quest for the Orb.
     0 | D:1      | Reached XP level 1. HP: 18/18 MP: 1/1
    49 | D:1      | Reached XP level 2. HP: 22/24 MP: 2/2
   442 | D:1      | Reached skill level 3 in Axes
   458 | D:1      | Reached XP level 3. HP: 26/29 MP: 3/3
  1001 | D:2      | Reached skill level 4 in Axes
  1001 | D:2      | Reached XP level 4. HP: 35/35 MP: 4/4
  1508 | D:3      | Found a snail-covered altar of Cheibriados.
  1539 | D:3      | Noticed Grinder
  1541 | D:3      | Noticed Sigmund
  1546 | D:3      | You fall through a shaft for 2 floors!
  1546 | D:5      | Entered Level 5 of the Dungeon
  1551 | D:5      | Reached skill level 5 in Axes
  1551 | D:5      | Reached XP level 5. HP: 19/41 MP: 5/5
  1757 | D:5      | Reached XP level 6. HP: 36/47 MP: 6/6
  1790 | D:5      | Noticed Menkaure
  1808 | D:5      | Slain by Menkaure

Vault maps used:
D:1:      erik_arrival_gehennom
D:2:      kennysheep_six_static_rooms, first_bread, st_stairs_7
D:3:      cheibriados_altar_1, uniq_grinder, uniq_natasha, uniq_sigmund
D:5:      lightli_temple_of_fire, chequers_temple_overflow_statue_of_worship,
          trog_three_pillars_becter, uniq_menkaure

Skill      XL: |  1  2  3  4 |
---------------+-------------+-----
Axes           | 3 4 5 |  5.7
Fighting       | |  3.2
Armour         | |  3.2
Shields        | |  3.6

Action                   |  1- 3 |  4- 6 || total
-------------------------+-------+-------++-------
Melee: War axe           |    67 |   109 ||   176
 Abil: Dig               |     1 |       ||     1
       Shaft Self        |       |     1 ||     1
  Eat: Chunk             |       |     4 ||     4
Armor: Scale mail        |    31 |    32 ||    63
Dodge: Dodged            |    23 |    30 ||    53
Block: Shield            |    36 |    60 ||    96
